 Dungeon Crawl Stone Soup version 0.30-a0-394-g3e4acdb0ae (webtiles) character file.

Game seed: 246802613828185095

2424 qeuew the Caller (level 9, -3/52 HPs)
             Began as a Tengu Summoner on Dec 6, 2022.
             Was an Initiate of Ashenzari.
             Slain by a hornet (6 damage)
             ... on level 6 of the Dungeon.
             The game lasted 00:25:11 (7178 turns).

qeuew the Caller (Tengu Summoner)                   Turns: 7178, Time: 00:25:12

Health: -3/52      AC:  5    Str: 18    XL:     9   Next: 48%
Magic:  14/18      EV: 15    Int: 22    God:    Ashenzari [......]
Gold:   379        SH:  0    Dex: 14    Spells: 7/19 levels left

rFire   + . .      SeeInvis .    f - +5 dagger of the Madman {vorpal, +Blink Will+ rCorr Int+5}
rCold   . . .      Faith    .    (no shield)
rNeg    + . .      Spirit   .    u - +0 ring mail {rF+}
rPois   .          Reflect  .    (helmet restricted)
rElec   +          Harm     .    (no cloak)
rCorr   +          Rampage  .    (no gloves)
Will    +....                    (boots unavailable)
Stlth   +.........               e - amulet of the acrobat
HPRegen 0.28/turn                a - ring "Ubiaff" {rElec rN+ Str+6}
MPRegen 0.16/turn                (no ring)

@: lethally poisoned (-3 -> -13), flying quickly and evasively, slowed, very
slow
A: beak, talons 3, nimble flight
a: Renounce Religion, Evoke Blink


You were on level 6 of the Dungeon.
You worshipped Ashenzari.
Ashenzari was noncommittal.
You visited 2 branches of the dungeon, and saw 7 of its levels.
You also visited: Sewer and Ossuary.

You collected 379 gold pieces.

Inventory:

Hand Weapons
 f - the +5 dagger of the Madman (weapon) {vorpal, +Blink Will+ rCorr Int+5}
   (You found it on level 2 of the Dungeon)

   It inflicts extra damage upon your enemies.
   Int:       It affects your intelligence (+5).
   +Blink:    It lets you blink.
   rCorr:     It protects you from acid and corrosion.
   Will:      It increases your willpower.
Missiles
 d - a throwing net
Armour
 u - a +0 ring mail of fire resistance (worn)
Jewellery
 a - the ring "Ubiaff" (left hand) {rElec rN+ Str+6}
   (You acquired it on level 3 of the Dungeon)

   [ring of strength]

   Str:       It affects your strength (+6).
   rElec:     It insulates you from electricity.
   rN:        It protects you from negative energy.
 e - an amulet of the acrobat (around neck)
Wands
 c - a wand of roots (4)
 j - a wand of light (6)
 m - a wand of flame (4)
 r - a wand of paralysis (5)
Scrolls
 g - 3 scrolls of enchant weapon
 i - 3 scrolls of teleportation
 o - 2 scrolls of magic mapping
 p - 3 scrolls of identify
 s - a scroll of fog
Potions
 b - 2 potions of magic
 h - 3 potions of brilliance
 k - 2 potions of berserk rage
 l - a potion of haste
 q - a potion of attraction {unknown}
 t - 2 potions of invisibility
 v - a potion of might
 w - 2 potions of cancellation
 x - a potion of resistance


   Skills:
 + Level 3.8 Fighting
 + Level 4.1 Short Blades
 - Level 0.7 Axes
 + Level 4.1 Armour
 + Level 4.9 Dodging
 - Level 2.0 Stealth
 * Level 5.5 Spellcasting
 + Level 2.7 Conjurations
 * Level 7.4 Summonings
 * Level 5.0 Air Magic
 + Level 3.2 Evocations


You had 7 spell levels left.
You knew the following spells:

 Your Spells              Type           Power      Damage    Failure   Level
a - Summon Small Mammal   Summ           100%       N/A       1%          1
b - Call Imp              Summ           38%        N/A       1%          2
c - Summon Lightning Spi  Summ/Air       33%        N/A       12%         4
d - Call Canine Familiar  Summ           38%        N/A       2%          3
e - Static Discharge      Conj/Air       46%        2-4/arc   4%          2

Your spell library contained the following spells:

 Spells                   Type           Power      Damage    Failure   Level
 Kiss of Death            Conj/Necr      48%        2d9       9%          1
 Poisonous Vapours        Pois/Air       34%        N/A       9%          2
 Summon Guardian Golem    Hex/Summ       22%        N/A       11%         3
 Cigotuvi's Dreadful Rot  Necr/Pois/Air  26%        N/A       12%         2
 Mephitic Cloud           Conj/Pois/Air  17%        N/A       17%         3
 Vhi's Electric Charge    Tloc/Air       34%        N/A       17%         3
 Stone Arrow              Conj/Erth      24%        3d8       26%         3
 Animate Armour           Summ/Erth      44%        N/A       34%         4
 Confusing Touch          Hex            6%         N/A       43%         3
 Arcjolt                  Conj/Air       11%        1d21      65%         5
 Lightning Bolt           Conj/Air       11%        1d24      65%         5
 Dispel Undead            Necr           6%         3d8       85%         4
 Conjure Ball Lightning   Conj/Air       11%        3x3d7     99%         6
 Discord                  Hex            3%         N/A       100%        8
 Disjunction              Tloc           3%         N/A       100%        8
 Lehudib's Crystal Spear  Conj/Erth      6%         10d3      100%        8


Dungeon Overview and Level Annotations

Branches:
Dungeon (6/15)             Temple (1/1) D:5           Sewer (visited)
Ossuary (visited)

Altars:
Ashenzari
Cheibriados
Dithmenos
Fedhas
Hepliaklqana
Makhleb
Nemelex Xobeh
Okawaru
Qazlal
Wu Jian
Yredelemnul
Zin
The Shining One

Shops:
D:3 !


Innate Abilities, Weirdness & Mutations

You have a beak for a mouth.
You have claws for feet.
Your magical nature lets you fly swiftly and evasively.


Message History

The bullfrog hits you.
You hit the bullfrog.
The bullfrog is almost dead.
The bullfrog misses you.
You hit the bullfrog.
You kill the bullfrog!
Your Air Magic skill increases to level 5!
You see here a +0 leather armour.
A hornet comes into view.
The hornet buzzes angrily.
A hornet is nearby!
Casting: Summon Small Mammal (safe; 1% risk of failure)
Confirm with . or Enter, or press ? or * to list all spells.
The hornet misses you.
You barely miss the hornet. The hornet stings you!
You are poisoned.
You feel yourself slow down.
Your hound misses the hornet. You hit the hornet. Your kick misses the hornet.
Your peck misses the hornet.
The hornet is lightly wounded.
You feel yourself speed up.
You feel very sick. The hornet stings you!
You are more poisoned.
You feel yourself slow down.
Your hound misses the hornet. The hornet misses you.
Your hound closely misses the hornet.
You hit the hornet. You claw the hornet, but do no damage.
The hornet is moderately wounded.
You feel very sick. The hornet closely misses you.
Your hound barely misses the hornet.
The hornet stings you but does no damage.
Unknown command.
You are too injured to fight recklessly!
Casting: Summon Small Mammal (safe; 1% risk of failure)
Press: ? - help, Q - select action, (/) - cycle Dir - look around, f - activate You feel very sick.
Your hound bites the hornet.
The hornet stings you!
* * * LOW HITPOINT WARNING * * *
You feel as though you will be slow longer.
Your hound closely misses the hornet.
The hornet stings you.
You die...

### #.# ..# #h# #
####y#.# #...@..#
#.##r#.# # .#.##.#
# ##. #.#.##.#
...########.#.##.#
##..........#.##.#
........>..)#..[.#
#..........####.# #
#...............#.#


You could see a hornet (ally target), a friendly hound (summoned) and a friendly
quokka (summoned).

Vanquished Creatures
  Prince Ribbit (D:6)
  2 sky beasts
  An ice beast (D:5)
  2 ogres
  2 phantoms (D:5)
  A bullfrog (D:6)
  A scorpion (D:5)
  A centaur zombie (Ossuary)
  2 hounds
  2 jellies
  3 orc priests
  Crazy Yiuf (D:2)
  2 iguanas
  2 orc wizards
  3 ogre zombies (Ossuary)
  7 mummies (Ossuary)
  Robin (D:3)
  8 gnolls
  7 adders
  2 river rats (D:3)
  An ufetubus (D:6)
  5 adder zombies (Ossuary)
  A worm (D:2)
  4 dart slugs
  15 orcs
  3 endoplasms
  A giant cockroach (D:3)
  9 goblins
  6 hobgoblins
  6 jackals
  4 quokkas
  5 ball pythons
  12 bats
  A frilled lizard (D:2)
  9 goblin zombies (Ossuary)
  2 hobgoblin zombies (Ossuary)
  3 kobolds
  3 kobold zombies (Ossuary)
  3 quokka zombies (Ossuary)
  13 rats
  3 rat zombies (Ossuary)
160 creatures vanquished.

Vanquished Creatures (collateral kills)
  Edmund (D:4)
  A nameless horror (D:5)
  Pargi (Sewer)
  An ogre (D:5)
  A phantom (D:5)
  Blork the orc (D:6)
  A jelly (D:6)
  A gnoll bouda (D:6)
  An orc wizard (D:5)
  An ogre zombie (Ossuary)
  4 gnolls
  5 adders
  A white imp (D:6)
  2 dart slugs (D:1)
  6 orcs
  An endoplasm (D:1)
  3 giant cockroaches (D:1)
  7 goblins
  A hobgoblin (D:3)
  A quokka (D:1)
  2 ball pythons (D:1)
  A bat (D:2)
  3 frilled lizards (D:1)
  4 kobolds
51 creatures vanquished.

Vanquished Creatures (others)
  11 plants (D:3)
11 creatures vanquished.

Grand Total: 222 creatures vanquished

Notes
Turn   | Place    | Note
-------+----------+-------------------------------------------
     0 | D:1      | qeuew the Tengu Summoner began the quest for the Orb.
     0 | D:1      | Reached XP level 1. HP: 10/10 MP: 4/4
   211 | D:1      | Reached XP level 2. HP: 16/16 MP: 3/6
   217 | D:1      | Learned a level 2 spell: Call Imp
   432 | D:1      | Reached skill level 5 in Summonings
   720 | D:1      | Reached XP level 3. HP: 15/20 MP: 1/7
   786 | D:1      | Reached skill level 1 in Fighting
   880 | D:1      | Found a faded altar of an unknown god.
  1183 | D:2      | Reached skill level 1 in Armour
  1237 | D:2      | Reached XP level 4. HP: 25/25 MP: 5/9
  1416 | D:2      | Identified the +5 dagger of the Madman {vorpal, +Blink
                  | Will+ rCorr Int+5}
  1597 | D:2      | Gained mutation: Your magical nature lets you fly swiftly
                  | and evasively. [Tengu growth]
  1597 | D:2      | Reached XP level 5. HP: 26/29 MP: 10/10
  1764 | D:2      | Found a runed translucent door.
  1765 | D:2      | Noticed Crazy Yiuf
  1917 | D:2      | Killed Crazy Yiuf
  1928 | D:2      | Learned a level 4 spell: Summon Lightning Spire
  1932 | D:2      | Learned a level 3 spell: Call Canine Familiar
  1983 | D:3      | Reached skill level 1 in Short Blades
  2130 | D:3      | Reached XP level 6. HP: 33/35 MP: 12/12
  2149 | D:3      | Found Vomiolec's Distillery.
  2153 | D:3      | Found a sparkling altar of Nemelex Xobeh.
  2387 | D:3      | Found a glowing drain.
  2413 | Sewer    | Entered a sewer
  2474 | Sewer    | Noticed Pargi
  2490 | Sewer    | Killed Pargi
  2491 | Sewer    | Reached skill level 1 in Evocations
  3043 | D:3      | Noticed Robin
  3068 | D:3      | Killed Robin
  3428 | D:4      | Reached XP level 7. HP: 9/40 MP: 6/13
  3555 | D:4      | Found a sand-covered staircase.
  3567 | Ossuary  | Entered an ossuary
  3815 | Ossuary  | Reached skill level 1 in Air Magic
  4467 | D:4      | Reached skill level 6 in Summonings
  4538 | D:4      | Reached XP level 8. HP: 45/45 MP: 5/15
  4680 | D:4      | Noticed Edmund
  4734 | D:4      | Killed Edmund
  5037 | D:4      | Identified a scroll of acquirement
  5105 | D:3      | Acquired the ring "Ubiaff" {rElec rN+ Str+6}
  5174 | D:5      | Entered Level 5 of the Dungeon
  5192 | D:5      | Found a staircase to the Ecumenical Temple.
  5228 | Temple   | Entered the Ecumenical Temple
  5470 | D:5      | Found a basalt altar of Yredelemnul.
  5514 | D:5      | Noticed a nameless horror
  5604 | D:5      | Learned a level 2 spell: Static Discharge
  5664 | D:5      | Killed a nameless horror
  5904 | D:5      | Reached skill level 1 in Conjurations
  5912 | D:5      | Reached skill level 5 in Spellcasting
  6290 | D:5      | Reached XP level 9. HP: 40/51 MP: 17/17
  6661 | D:6      | Found a stormy altar of Qazlal.
  6662 | D:6      | Noticed Blork the orc
  6680 | D:6      | Killed Blork the orc
  6681 | D:6      | Reached skill level 7 in Summonings
  6796 | D:6      | Found a glowing silver altar of Zin.
  6797 | D:6      | Found a broken altar of Ashenzari.
  6834 | D:6      | Became a worshipper of Ashenzari the Shackled
  6928 | D:6      | Noticed Prince Ribbit
  6947 | D:6      | Killed Prince Ribbit
  7152 | D:6      | Reached skill level 5 in Air Magic
  7173 | D:6      | Noticed a hornet
  7178 | D:6      | Slain by a hornet

Illustrated notes

Levels and vault maps discovered:
D:1:      mrwooster_arrival_arrow, layout_loops_ring,
          ebering_ecumenical_altar_abandoned
D:2:      layout_rooms, uniq_crazy_yiuf_cottage
D:3:      layout_basic, mainiacjoe_overflow_cross_hatched, portal_sewer_entry_c,
          serial_shops, shop, minmay_bisected, uniq_robin
D:4:      layout_basic, nicolae_ossuary_entry_monument, uniq_edmund
D:5:      layout_gridville, mainiacjoe_overflow_paths, temple_pool_b
D:6:      layout_basic, nicolae_overflow_squiral, grunt_qazlal_sundering,
          uniq_prince_ribbit1, uniq_blork_the_orc
Temple:   hellmonk_temple_flake

Skill      XL: |  1  2  3  4  5  6  7  8  9 |
---------------+----------------------------+-----
Summonings     | 5 6 7 |  7.4
Fighting       | 1 2 3 |  3.8
Armour         | 1 2 3 4 |  4.1
Spellcasting   | 3 4 5 |  5.5
Dodging        | 3 4 |  4.9
Short Blades   | 1 2 3 4 |  4.1
Evocations     | 1 2 3 |  3.2
Air Magic      | 2 3 5 |  5.0
Conjurations   | 1 2 |  2.7
Axes           | |  0.7
Stealth        | |  2.0

Action                   |  1- 3 |  4- 6 |  7- 9 || total
-------------------------+-------+-------+-------++-------
Melee: Unarmed           |    41 |       |       ||    41
       Kick              |     8 |    32 |    98 ||   138
       Peck              |     5 |    11 |    47 ||    63
       Hand axe          |     1 |    27 |       ||    28
       Dagger            |       |   101 |   277 ||   378
       Punch             |       |       |     9 ||     9
 Cast: Summon Small Mamm |    44 |    12 |    20 ||    76
       Call Imp          |     4 |     6 |    13 ||    23
       Call Canine Famil |       |     4 |    14 ||    18
       Summon Lightning  |       |       |     4 ||     4
Evoke: Wand              |       |     1 |       ||     1
  Use: Scroll            |     1 |     7 |    12 ||    20
       Potion            |       |     5 |     1 ||     6
 Stab: Sleeping          |     2 |     4 |    10 ||    16
       Distracted        |     1 |       |       ||     1
Armor: Robe              |    10 |    14 |    10 ||    34
       Leather armour    |       |       |    11 ||    11
       Ring mail         |       |       |     6 ||     6
Dodge: Dodged            |    33 |   107 |   156 ||   296

Table legend: (Time is in decaauts)
 A = Elapsed time spent in this place.
 B = Non-inter-level travel time spent in this place.
 C = Inter-level travel time spent in this place.
 D = Time resting spent in this place.
 E = Time spent auto-exploring this place.
 F = Levels seen in this place.
 G = Mean time per level.
                   A        B        C        D        E       F      G
               +--------+--------+--------+--------+--------+-----+--------+
         Total |   6824 |   6541 |    283 |     29 |   5090 |   9 |  758.2 |
       Dungeon |   5858 |   5603 |    255 |     29 |   4412 |   6 |  976.3 |
        Temple |    207 |    180 |     27 |      0 |    170 |   1 |  207.0 |
         Sewer |    130 |    130 |      0 |      0 |     67 |   1 |  130.0 |
       Ossuary |    627 |    627 |      0 |      0 |    439 |   1 |  627.0 |
               +--------+--------+--------+--------+--------+-----+--------+

Top non-repeatable levels by time:
     D:3: 1260 daAuts
     D:1: 1165 daAuts
     D:4: 1047 daAuts
     D:5: 862 daAuts
     D:6: 761 daAuts
     D:2: 760 daAuts
 Ossuary: 627 daAuts
  Temple: 207 daAuts
   Sewer: 130 daAuts
